 Dungeon Crawl Stone Soup version 0.29.1-1-gd02db6906a (webtiles) character file.

Game seed: 16003132563078252809

764 ImASeal the Chopper (level 7, -2/70 HPs)
             Began as a Troll Fighter on Oct 5, 2022.
             Was an Initiate of Wu Jian.
             Splashed by a jelly's acid (10 damage)
             ... on level 5 of the Dungeon.
             The game lasted 00:08:47 (3227 turns).

ImASeal the Chopper (Troll Fighter)                 Turns: 3227, Time: 00:08:47

Health: -2/70      AC: -4    Str: 27    XL:     7   Next: 51%
Magic:  6/6        EV:  9    Int:  4    God:    Wu Jian [......]
Gold:   222        SH:  7    Dex:  9    Spells: 6/6 levels left

rFire   + . .      SeeInvis .   a - +0 war axe
rCold   . . .      Faith    .   c - +0 kite shield
rNeg    . . .      Spirit   .   m - +0 robe {rF+}
rPois   .          Reflect  .   (helmet restricted)
rElec   .          Harm     .   (no cloak)
rCorr   .          Rampage  .   (gloves unavailable)
Will    .....                   (boots unavailable)
Stlth   +.........              (no amulet)
HPRegen 1.01/turn               (no ring)
MPRegen 0.10/turn               (no ring)

@: corroded
A: large, unfitting armour, claws 3, regeneration 1, shaggy fur 1, tough skin 1
a: Renounce Religion


You were on level 5 of the Dungeon.
You worshipped Wu Jian.
Wu Jian was noncommittal.
You visited 2 branches of the dungeon, and saw 6 of its levels.

You collected 222 gold pieces.

Inventory:

Hand Weapons
 a - a +0 war axe (weapon)
Missiles
 d - 6 poisoned darts
 f - 21 stones (quivered)
Armour
 c - a +0 kite shield (worn)
 m - a +0 robe of fire resistance (worn)
Jewellery
 q - a +6 ring of intelligence
Wands
 u - a wand of flame (24)
Scrolls
 e - a scroll of enchant weapon {unknown}
 h - a scroll of teleportation {unknown}
 i - 3 scrolls of amnesia {unknown}
 j - 2 scrolls of noise {unknown}
 k - 8 scrolls of identify {unknown}
 n - a scroll of fog {unknown}
 o - a scroll of blinking {unknown}
 s - 2 scrolls of vulnerability {unknown}
 v - a scroll of summoning {unknown}
 w - a scroll of torment {unknown}
Potions
 b - a potion of attraction {unknown}
 g - 2 potions of ambrosia {unknown}
 l - a potion of invisibility {unknown}
 p - a potion of brilliance
 r - a potion of flight {unknown}
 t - a potion of heal wounds
 x - a potion of curing {unknown}


   Skills:
 + Level 4.0 Fighting
 + Level 4.6 Axes
 + Level 0.6 Throwing
 + Level 4.0 Dodging
 + Level 3.9 Shields


You had 6 spell levels left.
You didn't know any spells.
Your spell library contained the following spells:

 Spells                   Type           Power      Damage    Failure   Level
 Freeze                   Ice            0%         1d3       78%         1
 Static Discharge         Conj/Air       0%         3-3/arc   89%         2
 Frozen Ramparts          Ice            0%         1d1       98%         3
 Summon Guardian Golem    Hex/Summ       0%         N/A       98%         3
 Dispel Undead            Necr           0%         3d6       100%        4
 Hailstorm                Conj/Ice       0%         3d3       100%        4
 Sticky Flame             Conj/Fire      0%         2d3       100%        4
 Orb of Destruction       Conj           0%         9d5       100%        7
 Spellforged Servitor     Conj/Summ      0%         N/A       100%        7


Dungeon Overview and Level Annotations

Branches:
Dungeon (5/15)             Temple (1/1) D:4

Altars:
Ashenzari
Cheibriados
Dithmenos
Elyvilon
Gozag
Hepliaklqana
Kikubaaqudgha
Makhleb
Nemelex Xobeh
Okawaru
Qazlal
Ru
Uskayaw
Vehumet
Wu Jian
Yredelemnul
Zin
The Shining One

Shops:
D:3 :   D:5 (=


Innate Abilities, Weirdness & Mutations

You are too large for most types of armour.
You have claws for hands.
Your natural rate of healing is unusually fast.
You are covered in fur. (AC +1)
You have tough skin. (AC +1)


Message History

You are too injured to fight recklessly!
You are too injured to fight recklessly!
You slash the phantom!
The phantom is heavily damaged.
The phantom hits you. The phantom barely misses you.
You barely miss the phantom.
The phantom is heavily damaged.
The phantom hits you.
You barely miss the phantom.
The phantom is heavily damaged.
The phantom barely misses you. You block the phantom's attack.
You slash the phantom!
The phantom is severely damaged.
You hit the jelly but do no damage.
Your claws burn!
The jelly hits you.
You are splashed with acid!
The phantom hits you!
* * * LOW HITPOINT WARNING * * *
The phantom blinks!
You blink.
You slash the phantom!
You destroy the phantom!
The Council accepts your kill.
Your Fighting skill increases to level 4!
The jelly attacks as you move away! The jelly hits you.
* * * LOW HITPOINT WARNING * * *
You are splashed with acid!
* * * LOW HITPOINT WARNING * * *
The jelly closely misses you.
You are no longer corroded.
The jelly attacks as you move away! The jelly hits you but does no damage.
You block the jelly's attack.
You slash the jelly! The acid corrodes you!
Your claws burn!
* * * LOW HITPOINT WARNING * * *
The jelly is almost dead.
The jelly hits you.
* * * LOW HITPOINT WARNING * * *
You are splashed with acid.
* * * LOW HITPOINT WARNING * * *
The jelly hits you.
* * * LOW HITPOINT WARNING * * *
The acid corrodes you!
You are splashed with acid!
You die...

......###..###.###
..###..###..#....#
..###)).##..#....##
.#.#..............###
.....#..............###
#....##...............###
#....#..................##
...#...........oJ........##
..##............@.........##
...#....)..................#
..##......)...............##
#.......)..............#..#
##.....#...............####
.##...##...##.....>..###
..##.##....##...##....#
..##.##..###....##..###
..##.....####.....#.#


You could see a jelly and an orc.

Vanquished Creatures
  Grinder (D:3)
  Eustachio (D:4)
  A phantom (D:5)
  A jelly (D:5)
  An orc priest (D:4)
  2 hounds
  Terence (D:3)
  An orc wizard (D:3)
  Robin (D:4)
  4 gnolls (D:4)
  5 adders
  4 dart slugs
  8 orcs
  5 ball pythons
  7 endoplasms
  3 giant cockroaches (D:3)
  14 goblins
  7 hobgoblins
  2 jackals (D:3)
  5 quokkas
  5 bats
  6 frilled lizards
  6 kobolds
  3 rats (D:1)
94 creatures vanquished.

Vanquished Creatures (others)
  2 plants (D:4)
2 creatures vanquished.

Grand Total: 96 creatures vanquished

Notes
Turn   | Place    | Note
-------+----------+-------------------------------------------
     0 | D:1      | ImASeal the Troll Fighter began the quest for the Orb.
     0 | D:1      | Reached XP level 1. HP: 22/22 MP: 0/0
   122 | D:1      | Reached XP level 2. HP: 29/29 MP: 1/1
   165 | D:1      | Found Qamat's Armour Emporium.
   814 | D:2      | Reached XP level 3. HP: 36/36 MP: 2/2
  1101 | D:2      | Reached XP level 4. HP: 44/44 MP: 3/3
  1231 | D:3      | Found a burning altar of Makhleb.
  1294 | D:3      | Noticed Terence
  1307 | D:3      | Killed Terence
  1506 | D:3      | Reached XP level 5. HP: 48/53 MP: 4/4
  1541 | D:3      | Noticed Grinder
  1548 | D:3      | Paralysed by Grinder for 3 turns
  1555 | D:3      | HP: 1/53 [Grinder (5)]
  1564 | D:3      | HP: 1/53 [Grinder (6)]
  1565 | D:3      | Killed Grinder
  1566 | D:3      | Reached XP level 6. HP: 3/61 MP: 5/5
  1696 | D:3      | Found Mexetuar's Book Boutique.
  1817 | D:3      | Found a basalt altar of Yredelemnul.
  2233 | D:4      | Noticed Eustachio
  2285 | D:4      | Noticed Robin
  2321 | D:4      | Killed Robin
  2391 | D:4      | Found an ancient bone altar of Kikubaaqudgha.
  2391 | D:4      | Found an ornate altar of the Wu Jian Council.
  2402 | D:4      | Became a worshipper of the Wu Jian Council
  2480 | D:4      | Killed Eustachio
  2481 | D:4      | Reached XP level 7. HP: 26/68 MP: 6/6
  2739 | D:4      | Found a staircase to the Ecumenical Temple.
  2773 | Temple   | Entered the Ecumenical Temple
  2940 | D:5      | Entered Level 5 of the Dungeon
  3073 | D:5      | Found Ceujau's Weapon Shoppe.
  3111 | D:5      | Identified the +1 helmet of the Mackerel {rElec rCorr}
  3205 | D:5      | Found Haimnela's Jewellery Emporium.
  3227 | D:5      | Splashed by a jelly's acid

Illustrated notes

Levels and vault maps discovered:
D:1:      dpeg_arrival_subterranean_lakeside_camping, layout_loops_ring,
          serial_shops, nicolae_diamond_shop
D:2:      layout_basic
D:3:      layout_loops_ring, bloody_makhleb,
          mainiacjoe_overflow_surrounded_room, serial_shops, shop,
          minmay_misc_feat_square, uniq_terence, uniq_grinder
D:4:      layout_basic, gammafunk_temple_overflow_statue,
          minmay_temple_entry_gardened_gates, kennysheep_generic_room_8,
          uniq_robin, uniq_eustachio
D:5:      layout_cave_pools, gammafunk_ghost_necromancy, serial_shops,
          nicolae_shop_trees, nicolae_take_the_stairs,
          nicolae_shop_advertising_works [nicolae_subvault_shop_adworks],
          nicolae_shop_bloodbath_and_beyond, minmay_misc_feat_rows, uniq_ijyb
Temple:   nicolae_temple_great_sept

Skill      XL: |  1  2  3  4  5  6  7 |
---------------+----------------------+-----
Axes           | 2 3 4 |  4.6
Shields        | 3 |  3.9
Fighting       | 3 4 |  4.0
Dodging        | 3 4 |  4.0
Throwing       | |  0.6

Action                   |  1- 3 |  4- 6 |  7- 9 || total
-------------------------+-------+-------+-------++-------
Melee: War axe           |    91 |   162 |    37 ||   290
Throw: Stone             |    22 |     1 |     7 ||    30
Invok: Lunge             |       |     1 |     2 ||     3
  Use: Potion            |       |     5 |       ||     5
 Stab: Sleeping          |     1 |       |     1 ||     2
Armor: Robe              |    44 |    67 |     7 ||   118
Dodge: Dodged            |    41 |    58 |    19 ||   118
Block: Kite shield       |    42 |    72 |    19 ||   133
